 Dungeon Crawl Stone Soup version 0.17.0-28-g6e173f8 (webtiles) character file.

176 septik the Conjurer (level 5, -1/28 HPs)
             Began as a Deep Elf Conjurer on Nov 26, 2015.
             Was a Follower of Vehumet.
             Slain by an iguana (11 damage)
             ... on level 4 of the Dungeon.
             The game lasted 00:07:28 (2580 turns).

septik the Conjurer (Deep Elf Conjurer)             Turns: 2580, Time: 00:07:29

Health: -1/28      AC:  4    Str:  6    XL:     5   Next: 30%
Magic:  8/14       EV: 13    Int: 26    God:    Vehumet [*.....]
Gold:   217        SH:  0    Dex: 15    Spells: 2 memorised, 11 levels left

rFire  . . .     SeeInvis .     h - +1 whip (freeze)
rCold  . . .     Clarity  .     a - +0 robe
rNeg   . . .     SustAt   .     (no shield)
rPois  .         Gourm    .     (no helmet)
rElec  .         Spirit   .     (no cloak)
rCorr  .         Warding  .     (no gloves)
rMut   .         Stasis   .     w - +1 pair of boots
MR     .....                    (no amulet)
Stlth  ++........               (no ring)
                                f - +6 ring of intelligence

@: not resistant to hostile enchantments, unstealthy
A: no striking features
a: Renounce Religion


You were on level 4 of the Dungeon.
You worshipped Vehumet.
Vehumet was aware of your devotion.
You were not hungry.

You visited 1 branch of the dungeon, and saw 4 of its levels.

You collected 217 gold pieces.

Inventory:

Hand Weapons
 h - a +1 whip of freezing (weapon)
Missiles
 k - 93 stones (quivered)
Armour
 a - a +0 robe (worn)
 r - a +0 shield
 w - a +1 pair of boots (worn)
Jewellery
 f - a +6 ring of intelligence (left hand)
Scrolls
 d - 5 scrolls of identify {unknown}
 e - a scroll of enchant weapon {unknown}
 g - 2 scrolls of blinking {unknown}
 i - 2 scrolls of teleportation {unknown}
 j - 2 scrolls of magic mapping {unknown}
 m - a scroll of noise {unknown}
 t - a scroll of remove curse {unknown}
 x - a scroll of random uselessness {unknown}
 y - 2 scrolls of immolation {unknown}
Potions
 l - 4 potions of curing {unknown}
 o - a potion of flight {unknown}
 p - 2 potions of heal wounds {unknown}
 q - a potion of cancellation {unknown}
 s - a potion of poison {unknown}
 v - a potion of ambrosia {unknown}
Books
 b - a book of Conjurations

   Spells                             Type                      Level
   a - Magic Dart                     Conjuration                  1
   b - Searing Ray                    Conjuration                  2
   c - Dazzling Spray                 Conjuration/Hexes            3
   d - Fulminant Prism                Conjuration/Hexes            4
   e - Iskenderun's Mystic Blast      Conjuration                  4
   f - Iskenderun's Battlesphere      Conjuration/Charms           5
Comestibles
 c - 3 bread rations
 n - 3 chunks of flesh
 u - 2 meat rations
 z - a beef jerky


   Skills:
 - Level 2.4 Dodging
 - Level 2.4 Stealth
 + Level 4.9 Spellcasting
 * Level 6.4 Conjurations


You had 11 spell levels left.
You knew the following spells:

 Your Spells              Type           Power        Failure   Level  Hunger
a - Magic Dart            Conj           ####         1%          1    None
b - Flame Tongue          Conj/Fire      ###..        2%          1    None


Dungeon Overview and Level Annotations

Branches:
Dungeon (4/15)
 Temple: D:4-7

Altars:
Gozag
Kikubaaqudgha
Vehumet
Yredelemnul
The Shining One

Annotations:
D:3 Jessica


Message History

The magic dart hits the iguana.
The iguana is severely wounded.
The iguana completely misses you.
Casting: Magic Dart
Confirm with . or Enter, or press ? or * to list all spells.
Aiming: Magic Dart
Press: ? - help, Shift-Dir - straight line, f/p - iguana
Aim: an iguana (severely wounded)
The magic dart hits the iguana.
The iguana is severely wounded.
The iguana bites you but does no damage.
Casting: Magic Dart
Confirm with . or Enter, or press ? or * to list all spells.
Aiming: Magic Dart
Press: ? - help, Shift-Dir - straight line, f/p - iguana
Aim: an iguana (severely wounded)
The magic dart hits the iguana.
The iguana is severely wounded.
The iguana bites you!
You die...

##.. .. # .... .## ..
... ..# #. #.# ..#
#..##.##..# #......#..#
#.###..#..###.###
#.##...@....$...# ##
#.##.#.#l.#####.#
....###.##.#.#..# #.#
...........#....# #.#
######.#######.#
#.########
#....#....#####.........
####.#.##.......########
#.#.###.#..### #...#
#.##.#


You could see an iguana.

Vanquished Creatures
  Natasha (D:4)
  8 adders
  An adder skeleton (D:4)
  3 orcs
  8 giant cockroaches
  6 goblins
  6 hobgoblins
  10 jackals
  9 kobolds
  A quokka (D:2)
  7 bats
  5 giant geckos
  2 giant newts
  4 rats
71 creatures vanquished.

Notes
Turn   | Place    | Note
--------------------------------------------------------------
     0 | D:1      | septik the Deep Elf Conjurer began the quest for the Orb.
     0 | D:1      | Reached XP level 1. HP: 10/10 MP: 6/6
   110 | D:1      | Reached XP level 2. HP: 15/15 MP: 4/8
   318 | D:1      | Reached skill level 5 in Conjurations
   488 | D:1      | Found a radiant altar of Vehumet.
   500 | D:1      | Became a worshipper of Vehumet
   730 | D:1      | Reached XP level 3. HP: 19/19 MP: 6/10
  1056 | D:2      | Found an ancient bone altar of Kikubaaqudgha.
  1317 | D:2      | Reached XP level 4. HP: 24/24 MP: 3/12
  1434 | D:2      | Found a glowing golden altar of the Shining One.
  1471 | D:2      | Reached * piety under Vehumet
  1471 | D:2      | Offered knowledge of Flame Tongue by Vehumet.
  1474 | D:2      | Learned a level 1 spell: Flame Tongue
  1675 | D:2      | Found a basalt altar of Yredelemnul.
  2093 | D:3      | Found an opulent altar of Gozag.
  2112 | D:3      | Noticed Jessica
  2142 | D:3      | Reached skill level 6 in Conjurations
  2388 | D:4      | Noticed Natasha
  2392 | D:4      | Killed Natasha
  2392 | D:4      | Reached XP level 5. HP: 28/28 MP: 8/14
  2580 | D:4      | Slain by an iguana

Action                   |  1- 3 |  4- 6 || total
-------------------------+-------+-------++-------
Melee: Whip              |     9 |       ||     9
 Cast: Magic Dart        |    83 |    69 ||   152
  Eat: Chunk             |     1 |     4 ||     5
